 Dungeon Crawl Stone Soup version 0.29-a0-284-gf9362112df (webtiles) character file.

Game seed: 534506332130762865

107 avis the Insei (level 4, 0/42 HPs)
             Began as a Hill Orc Monk on Mar 19, 2022.
             Slain by a hobgoblin
             ... wielding a +0 club
              (3 damage)
             ... on level 3 of the Dungeon.
             The game lasted 00:13:08 (3174 turns).

avis the Insei (Hill Orc Monk)                      Turns: 3174, Time: 00:13:08

Health: 0/42       AC:  3    Str: 20    XL:     4   Next: 85%
Magic:  4/4        EV: 12    Int: 16    God:
Gold:   89         SH:  0    Dex: 13    Spells: 3/3 levels left

rFire   + + .      SeeInvis .   a - +3 trident of the Witching Messenger {flame, *Slow Str+7 Int+4}
rCold   + . .      Faith    .   (no shield)
rNeg    . . .      Spirit   .   o - +1 robe "Nosil" {rElec rF++}
rPois   .          Reflect  .   (no helmet)
rElec   +          Harm     .   (no cloak)
rCorr   .          Rampage  .   (no gloves)
Will    .....                   (no boots)
Stlth   ++........              (no amulet)
HPRegen 0.14/turn               v - ring of protection from cold
MPRegen 0.09/turn               (no ring)

@: slowed, very slow
A: no striking features
a: no special abilities


You were on level 3 of the Dungeon.
You visited 1 branch of the dungeon, and saw 3 of its levels.

You collected 89 gold pieces.

Inventory:

Hand Weapons
 a - the +3 trident of the Witching Messenger (weapon) {flame, *Slow Str+7 Int+4}
   (You found it on level 2 of the Dungeon)

   It burns those it strikes, dealing additional fire damage.
   Str:       It affects your strength (+7).
   Int:       It affects your intelligence (+4).
   *Slow:     It may slow you when you take damage.
 f - a +0 hunting sling
 k - a +0 spear
 l - a +0 spear
 s - a +0 trident
 w - a +0 dagger of speed
 y - a +0 hunting sling
 C - a +2 vorpal falchion
Missiles
 i - 164 stones (quivered)
Armour
 c - a +0 scale mail
 e - a +0 plate armour
 o - the +1 robe "Nosil" (worn) {rElec rF++}
   (You found it on level 2 of the Dungeon)

   rF:        It greatly protects you from fire.
   rElec:     It insulates you from electricity.
 p - a +0 ring mail
Magical Staves
 n - a staff of fire
Jewellery
 v - a ring of protection from cold (left hand)
 x - a ring of resist corrosion
Scrolls
 d - 4 scrolls of identify {unknown}
 g - 2 scrolls of teleportation {unknown}
 h - a scroll of enchant weapon {unknown}
 m - a scroll of amnesia {unknown}
 r - a scroll of fear {unknown}
 t - a scroll of summoning {unknown}
 z - a scroll of noise {unknown}
 B - a scroll of magic mapping {unknown}
 D - a scroll of acquirement {unknown}
Potions
 b - a potion of ambrosia
 j - a potion of lignification {unknown}
 q - a potion of heal wounds {unknown}
 u - a potion of haste {unknown}
 A - 2 potions of curing {unknown}


   Skills:
 * Level 5.0 Fighting
 - Level 2.4 Dodging
 - Level 1.5 Stealth
 - Level 5.0 Unarmed Combat


You had 3 spell levels left.
You didn't know any spells.
Your spell library was empty.

Dungeon Overview and Level Annotations

Branches:
Dungeon (3/15)

Altars:
Fedhas
Nemelex Xobeh
Wu Jian
Zin
The Shining One


Message History

There is an open door here.
The hobgoblin shouts!
The goblin shouts!
You reach to attack!
You closely miss the hobgoblin. You closely miss the hobgoblin.
The hobgoblin hits you but does no damage.
You hit the hobgoblin. You burn the hobgoblin.
You kill the hobgoblin!
The hobgoblin hits you with a +0 club. The gnoll misses you.
You hit the hobgoblin. You burn the hobgoblin.
You kill the hobgoblin!
The hobgoblin closely misses you. The gnoll closely misses you.
The gnoll hits you from afar with a +0 spear.
The hobgoblin completely misses you. The goblin hits you but does no damage.
You closely miss the goblin. The hobgoblin hits you with a +0 club.
You feel yourself slow down. The gnoll closely misses you.
The goblin barely misses you.
You hit the goblin but do no damage. The goblin closely misses you.
The hobgoblin hits you with a +0 club. The gnoll barely misses you.
The gnoll completely misses you. The hobgoblin hits you with a +0 club.
The goblin hits you but does no damage.
You puncture the goblin! You burn the goblin.
You kill the goblin!
The hobgoblin hits you with a +0 club. The gnoll completely misses you.
The hobgoblin barely misses you.
The gnoll hits you from afar with a +0 spear.
You closely miss the hobgoblin.
The hobgoblin hits you but does no damage.
The gnoll barely misses you. The hobgoblin misses you.
The gnoll closely misses you.
You closely miss the hobgoblin. The hobgoblin hits you with a +0 club.
The gnoll hits you from afar with a +0 spear.
* * * LOW HITPOINT WARNING * * *
The hobgoblin hits you with a +0 club.
* * * LOW HITPOINT WARNING * * *
The gnoll hits you from afar with a +0 spear.
* * * LOW HITPOINT WARNING * * *
There is an open door here.
The hobgoblin closely misses you. The gnoll hits you but does no damage.
The hobgoblin attacks as you move away! The hobgoblin hits you with a +0 club.
You die...

####################
#....#.......#.....##
#....#.....).'......##
###....#########.......#
.#......#..............#
.+......'..............+
.#......#..............#
###....#########@......#
#....#.....)gg......##
#....#.......#.....##
####''###########################
≈≈≈....≈≈≈≈≈≈≈≈≈≈≈≈≈≈≈≈≈≈≈≈≈≈≈≈≈#
≈≈.....≈≈≈≈≈≈≈≈≈≈≈≈≈≈≈≈≈≈≈≈≈≈≈≈≈≈
≈≈≈....≈≈≈≈≈≈≈≈≈≈≈≈≈≈≈≈≈≈≈≈≈≈≈≈≈≈
≈≈.....≈..≈≈≈≈..≈.≈≈.≈≈.≈≈.≈.≈..≈
.................................


You could see a gnoll and a hobgoblin.

Vanquished Creatures
  An adder (D:2)
  A worm (D:2)
  3 dart slugs
  7 endoplasms
  A giant cockroach (D:3)
  15 goblins
  12 hobgoblins
  7 jackals
  3 kobolds
  2 quokkas
  9 ball pythons
  8 bats
  2 frilled lizards
  2 rats (D:2)
73 creatures vanquished.

Notes
Turn   | Place    | Note
-------+----------+-------------------------------------------
     0 | D:1      | avis the Hill Orc Monk began the quest for the Orb.
     0 | D:1      | Reached XP level 1. HP: 19/19 MP: 1/1
   135 | D:1      | Reached XP level 2. HP: 27/27 MP: 2/2
   554 | D:1      | Reached XP level 3. HP: 33/33 MP: 3/3
  1037 | D:2      | Identified the +1 robe "Nosil" {rElec rF++}
  1161 | D:2      | Identified the +3 trident of the Witching Messenger {flame,
                  | *Slow Str+7 Int+4}
  1732 | D:2      | Reached skill level 5 in Unarmed Combat
  1732 | D:2      | Reached XP level 4. HP: 40/40 MP: 4/4
  2261 | D:3      | Found a glowing golden altar of the Shining One.
  2264 | D:3      | Found an ornate altar of the Wu Jian Council.
  2271 | D:3      | Found a blossoming altar of Fedhas.
  2271 | D:3      | Found a sparkling altar of Nemelex Xobeh.
  2278 | D:3      | Found a glowing silver altar of Zin.
  2920 | D:3      | Reached skill level 5 in Fighting
  3171 | D:3      | HP: 2/42 [gnoll/+0 spear (3)]
  3174 | D:3      | Slain by a hobgoblin

Illustrated notes

Levels and vault maps discovered:
D:1:      minmay_arrival_diagonal_passages, layout_basic,
          shapermc_ecumenical_altar_petra
D:2:      layout_loops_corners
D:3:      minmay_goblin_kobold_castle, layout_basic,
          nicolae_overflow_hallway_of_the_gods

Skill      XL: |  1  2  3  4 |
---------------+-------------+-----
Fighting       | 4 5 |  5.0
Unarmed Combat | 4 5 |  5.0
Dodging        | |  2.4
Stealth        | |  1.5

Action                   |  1- 3 |  4- 6 || total
-------------------------+-------+-------++-------
Melee: Unarmed           |   114 |       ||   114
       Punch             |     2 |     2 ||     4
       Trident           |    23 |    77 ||   100
 Stab: Sleeping          |     4 |     3 ||     7
Armor: Scale mail        |    63 |       ||    63
       Robe              |     5 |    21 ||    26
Dodge: Dodged            |    56 |    47 ||   103

Table legend: (Time is in decaauts)
 A = Elapsed time spent in this place.
 B = Non-inter-level travel time spent in this place.
 C = Inter-level travel time spent in this place.
 D = Time resting spent in this place.
 E = Time spent auto-exploring this place.
 F = Levels seen in this place.
 G = Mean time per level.
                   A        B        C        D        E       F      G
               +--------+--------+--------+--------+--------+-----+--------+
         Total |   3217 |   2898 |    319 |    557 |   1367 |   3 | 1072.3 |
       Dungeon |   3217 |   2898 |    319 |    557 |   1367 |   3 | 1072.3 |
               +--------+--------+--------+--------+--------+-----+--------+

Top non-repeatable levels by time:
     D:3: 1150 daAuts
     D:2: 1104 daAuts
     D:1: 962 daAuts
